 Dungeon Crawl Stone Soup version 0.29-a0-284-gf9362112df (webtiles) character file.

Game seed: 3949675057089883308

88 sammy202020 the Poker (level 4, 37/37 HPs)
             Began as a Merfolk Berserker on Mar 22, 2022.
             Was a Believer of Trog.
             Quit the game on level 3 of the Dungeon.
             The game lasted 00:03:18 (1984 turns).

sammy202020 the Poker (Merfolk Berserker)           Turns: 1984, Time: 00:03:18

Health: 37/37      AC:  6    Str: 17    XL:     4   Next: 54%
Magic:  4/4        EV: 12    Int:  8    God:    Trog [**....]
Gold:   80         SH:  0    Dex: 13    Spells: 3/3 levels left

rFire   . . .      SeeInvis .   a - +0 spear
rCold   . . .      Faith    .   (no shield)
rNeg    . . .      Spirit   .   g - +0 ring mail
rPois   .          Reflect  .   (no helmet)
rElec   .          Harm     .   (no cloak)
rCorr   .          Rampage  .   l - +0 pair of gloves
Will    .....                   (no boots)
Stlth   +.........              (no amulet)
HPRegen 0.12/turn               (no ring)
MPRegen 0.09/turn               (no ring)

@: no status effects
A: (nimble swimmer 2), mertail
a: Renounce Religion, Berserk, Trog's Hand


You were on level 3 of the Dungeon.
You worshipped Trog.
Trog was pleased with you.
You visited 1 branch of the dungeon, and saw 3 of its levels.

You collected 80 gold pieces.

Inventory:

Hand Weapons
 a - a +0 spear (weapon)
Missiles
 i - 2 poisoned darts (quivered)
 j - 4 boomerangs
Armour
 b - a +0 animal skin
 g - a +0 ring mail (worn)
 l - a +0 pair of gloves (worn)
Scrolls
 c - a scroll of enchant weapon {unknown}
 k - a scroll of holy word {unknown}
 m - 3 scrolls of identify {unknown}
 o - 3 scrolls of teleportation {unknown}
 q - a scroll of fear {unknown}
Potions
 d - a potion of might {unknown}
 e - a potion of brilliance {unknown}
 f - 3 potions of heal wounds {unknown}
 h - a potion of curing {unknown}
 n - a potion of attraction {unknown}
 p - a potion of degeneration {unknown}


   Skills:
 + Level 4.0 Fighting
 + Level 4.8 Polearms
 + Level 2.1 Armour
 + Level 3.8 Dodging


You had 3 spell levels left.
You didn't know any spells.
Your spell library was empty.

Dungeon Overview and Level Annotations

Branches:
Dungeon (3/15)

Altars:


Innate Abilities, Weirdness & Mutations

((You are very nimble when in or above water. (Stealth+, EV+, Speed+++)))
Your lower body shifts to a powerful aquatic tail in water.


Message History

The bat is heavily wounded.
The bat barely misses you.
You reach to attack!
You barely miss the bat.
The bat is heavily wounded.
The bat hits you but does no damage.
A rat comes into view.
You hit the bat but do no damage.
The bat is heavily wounded.
The bat hits you but does no damage.
You reach to attack!
You closely miss the bat.
The bat is heavily wounded.
The bat hits you but does no damage.
You hit the bat.
You kill the bat!
Trog accepts your kill.
You reach to attack!
You hit the rat.
You kill the rat!
Trog accepts your kill.
No target in view!
No target in view!
No target in view!
No target in view!
No target in view!
No target in view!
No target in view!
No target in view!
No target in view!
No target in view!
No target in view!
No target in view!
No target in view!
No target in view!
No target in view!
No target in view!
No target in view!
No target in view!
No target in view!
No target in view!
No target in view!
Are you sure you want to abandon this character and quit the game? (Confirm with "yes".)

... . #..# .. ##
#.. ... #. ..>
..##. #.### .†.
.... #
#.##.####.#
...##.@.†.....##
................#
..######......#.#
#.........#
#..###.##...####
#.......<......#
#.####..#.####.#
#..#.# # ####.#


There were no monsters in sight!

Vanquished Creatures
  2 adders (D:2)
  4 worms (D:2)
  A dart slug (D:2)
  7 ball pythons
  4 endoplasms (D:1)
  3 giant cockroaches (D:2)
  2 goblins
  6 hobgoblins
  8 jackals
  4 kobolds
  2 quokkas (D:1)
  2 bats
  A frilled lizard (D:1)
  3 rats
49 creatures vanquished.

Notes
Turn   | Place    | Note
-------+----------+-------------------------------------------
     0 | D:1      | sammy202020 the Merfolk Berserker began the quest for the
                  | Orb.
     0 | D:1      | Reached XP level 1. HP: 18/18 MP: 1/1
   340 | D:1      | Reached XP level 2. HP: 24/24 MP: 2/2
   681 | D:1      | Reached XP level 3. HP: 29/29 MP: 3/3
  1328 | D:2      | Reached ** piety under Trog
  1395 | D:2      | Reached XP level 4. HP: 37/37 MP: 4/4
  1984 | D:3      | Quit the game

Illustrated notes

Levels and vault maps discovered:
D:1:      psy_arrival_radial01, layout_loops_ring
D:2:      layout_basic, serial_park_tiny_2
D:3:      layout_basic, minivault_23, minmay_goblin_outpost, uniq_grinder,
          uniq_pargi

Skill      XL: |  1  2  3  4 |
---------------+-------------+-----
Dodging        | 3 |  3.8
Armour         | 2 |  2.1
Fighting       | 4 |  4.0
Polearms       | |  4.8

Action                   |  1- 3 |  4- 6 || total
-------------------------+-------+-------++-------
Melee: Spear             |   140 |    79 ||   219
       Punch             |       |     1 ||     1
Armor: Ring mail         |    40 |    18 ||    58
       Animal skin       |     1 |       ||     1
Dodge: Dodged            |    58 |    38 ||    96

Table legend: (Time is in decaauts)
 A = Elapsed time spent in this place.
 B = Non-inter-level travel time spent in this place.
 C = Inter-level travel time spent in this place.
 D = Time resting spent in this place.
 E = Time spent auto-exploring this place.
 F = Levels seen in this place.
 G = Mean time per level.
                   A        B        C        D        E       F      G
               +--------+--------+--------+--------+--------+-----+--------+
         Total |   1957 |   1914 |     43 |      0 |   1523 |   3 |  652.3 |
       Dungeon |   1957 |   1914 |     43 |      0 |   1523 |   3 |  652.3 |
               +--------+--------+--------+--------+--------+-----+--------+

Top non-repeatable levels by time:
     D:1: 1100 daAuts
     D:2: 790 daAuts
     D:3: 66 daAuts
